 Dungeon Crawl Stone Soup version 0.20.1-1-g8b1a95d (webtiles) character file.

133 polve the Changer (level 4, -3/35 HPs)
             Began as a Draconian Transmuter on Aug 4, 2017.
             Slain by heybroken's ghost (7 damage)
             ... on level 3 of the Dungeon.
             The game lasted 00:02:55 (3525 turns).

polve the Changer (Draconian Transmuter)            Turns: 3525, Time: 00:02:56

Health: -3/35      AC:  5    Str: 13    XL:     4   Next: 94%
Magic:  7/7        EV: 12    Int: 14    God:
Gold:   101        SH:  0    Dex: 11    Spells: 4/7 levels left

rFire    . . .     SeeInvis .     - Unarmed
rCold    . . .     Gourm    .   (no shield)
rNeg     . . .     Faith    .   (armour unavailable)
rPois    .         Spirit   .   (helmet restricted)
rElec    .         Reflect  .   (no cloak)
rCorr    .         Harm     .   (no gloves)
MR       .....                  (boots currently unavailable)
Stlth    ++........             (no amulet)
Regen    0.2/turn               k - ring of stealth
MPRegen  0.1/turn               (no ring)

@: appendage (expiring), slowed, very slow
A: unfitting armour, talons 3, cold-blooded, AC +5
a: End Transformation


You were on level 3 of the Dungeon.
You were not hungry.
You had grown temporary talons.
You visited 1 branch of the dungeon, and saw 3 of its levels.

You collected 101 gold pieces.

Inventory:

Missiles
 a - 28 arrows (quivered)
Jewellery
 k - a ring of stealth (left hand)
Scrolls
 d - a scroll of amnesia {unknown}
 e - 4 scrolls of identify {unknown}
 h - a scroll of teleportation {unknown}
 j - a scroll of random uselessness {unknown}
 m - a scroll of fog {unknown}
Potions
 f - a potion of flight {unknown}
 g - 2 potions of curing {unknown}
 l - a potion of brilliance {unknown}
Books
 b - a book of Changes

   Spells                             Type                      Level
   a - Beastly Appendage              Transmutation                1
   b - Sticks to Snakes               Transmutation                2
   c - Spider Form                    Transmutation/Poison         3
   d - Ice Form                       Ice/Transmutation            4
   e - Blade Hands                    Transmutation                5
Comestibles
 c - 2 bread rations
 i - a royal jelly


   Skills:
 - Level 1.1 Fighting
 - Level 1.7 Dodging
 - Level 3.0 Unarmed Combat
 - Level 2.0 Spellcasting
 + Level 5.2 Transmutations


You had 4 spell levels left.
You knew the following spells:

 Your Spells              Type           Power        Failure   Level  Hunger
a - Beastly Appendage     Tmut           ###...       2%          1    ##.....
b - Sticks to Snakes      Tmut           ###.....     4%          2    ###....


Dungeon Overview and Level Annotations

Branches:
Dungeon (3/15)

Altars:
Gozag
Hepliaklqana
Vehumet
Xom
Yredelemnul
Zin

Annotations:
D:3 heybroken's ghost, amateur HuIE


Innate Abilities, Weirdness & Mutations

Your plain brown scales are hard. (AC +5)
You cannot fit into any form of body armour.
You are cold-blooded and may be slowed by cold attacks.
You have claws for feet.


Message History

You are frozen.
* * * LOW HITPOINT WARNING * * *
You feel as though you will be slow longer.
You closely miss heybroken's ghost.
Heybroken's ghost is severely damaged.
Your transformation is almost over.
Heybroken's ghost casts a spell at you.
You are frozen.
* * * LOW HITPOINT WARNING * * *
You feel as though you will be slow longer.
You barely miss heybroken's ghost.
You tail-slap heybroken's ghost, but do no damage.
Heybroken's ghost is severely damaged.
Heybroken's ghost casts a spell at you.
You are frozen.
* * * LOW HITPOINT WARNING * * *
You feel as though you will be slow longer.
Heybroken's ghost says, "I hope the next monster to meet you likes frozen food!"
Heybroken's ghost hits you!
You die...

#####..
.......
.......
.......
.......
.......
###.......
#.@# #W##
#. #. #.
#. .! [.


You could see heybroken's ghost.

Vanquished Creatures
  Robin (D:2)
  6 adders (D:2)
  2 oozes
  A worm (D:2)
  A leopard gecko (D:1)
  5 bats
  A giant cockroach (D:2)
  16 goblins
  4 hobgoblins
  2 jackals (D:1)
  9 kobolds
  2 ball pythons
  4 frilled lizards
  2 rats
56 creatures vanquished.

Notes
Turn   | Place    | Note
-------+----------+-------------------------------------------
     0 | D:1      | polve the Draconian Transmuter began the quest for the Orb.
     0 | D:1      | Reached XP level 1. HP: 16/16 MP: 3/3
   134 | D:1      | Reached XP level 2. HP: 15/23 MP: 3/5
   307 | D:1      | Reached skill level 3 in Transmutations
   511 | D:1      | Learned a level 2 spell: Sticks to Snakes
  1025 | D:1      | Reached XP level 3. HP: 28/28 MP: 4/6
  1353 | D:2      | Found a glowing silver altar of Zin.
  1521 | D:2      | Found a faded altar of an unknown god.
  1609 | D:2      | Reached skill level 4 in Transmutations
  1769 | D:2      | Noticed Robin
  1810 | D:2      | Reached XP level 4. HP: 20/35 MP: 5/7
  2027 | D:2      | Killed Robin
  2974 | D:2      | Reached skill level 5 in Transmutations
  3391 | D:2      | Found a hazy altar of Hepliaklqana.
  3402 | D:2      | Found a radiant altar of Vehumet.
  3403 | D:2      | Found a basalt altar of Yredelemnul.
  3403 | D:2      | Found a shimmering altar of Xom.
  3403 | D:2      | Found an opulent altar of Gozag.
  3509 | D:3      | Noticed heybroken's ghost (amateur HuIE)
  3525 | D:3      | Slain by heybroken's ghost

Skill      XL: |  1  2  3  4 |
---------------+-------------+-----
Transmutations | 3 4 5 |  5.2
Fighting       | |  1.1
Dodging        | |  1.7
Unarmed Combat | |  3.0
Spellcasting   | |  2.0

Action                   |  1- 3 |  4- 6 || total
-------------------------+-------+-------++-------
Melee: Unarmed           |   182 |   103 ||   285
       Tailslap          |    17 |    12 ||    29
       Kick              |     4 |     7 ||    11
       Headbutt          |     4 |     3 ||     7
       Punch             |     1 |       ||     1
 Cast: Beastly Appendage |    14 |     9 ||    23
 Stab: Sleeping          |     2 |     2 ||     4
  Eat: Chunk             |     3 |     6 ||     9
Armor: Skin              |    75 |    30 ||   105
Dodge: Dodged            |   166 |    50 ||   216
